 Dungeon Crawl Stone Soup version 0.28-b1-25-g9875b3fc8c (webtiles) character file.

Game seed: 9205259633059507211

4606 MisterFreud the Basher (level 10, -5/144 HPs)
             Began as a Troll Berserker on Feb 1, 2022.
             Was an Elder of Trog.
             Slain by a killer bee (6 damage)
             ... on level 10 of the Dungeon.
             The game lasted 00:09:53 (7008 turns).

MisterFreud the Basher (Troll Berserker)            Turns: 7008, Time: 00:09:54

Health: -5/144     AC:  4    Str: 27    XL:     10   Next: 19%
Magic:  9/9        EV: 11    Int:  5    God:    Trog [****..]
Gold:   461        SH:  0    Dex: 11    Spells: 9/9 levels left

rFire   . . .      SeeInvis .   e - +0 morningstar
rCold   . . .      Faith    .   (no shield)
rNeg    . . .      Spirit   .   b - +0 animal skin
rPois   .          Reflect  .   (helmet restricted)
rElec   .          Harm     .   (no cloak)
rCorr   .          Rampage  .   (gloves unavailable)
Will    +++..                   (boots unavailable)
Stlth   ..........              (no amulet)
HPRegen 2.14/turn               v - ring of willpower
MPRegen 0.11/turn               (no ring)

@: berserking, lethally poisoned (-5 -> -5), strong-willed, regenerating, very
quick
A: large, unfitting armour, claws 3, regeneration 1, shaggy fur 1, tough skin 1
a: Renounce Religion, Berserk, Trog's Hand, Brothers in Arms


You were on level 10 of the Dungeon.
You worshipped Trog.
Trog was greatly pleased with you.
You visited 1 branch of the dungeon, and saw 8 of its levels.

You collected 485 gold pieces.
You spent 24 gold pieces at shops.

Inventory:

Hand Weapons
 a - a +0 mace
 e - a +0 morningstar (weapon)
 u - a +1 giant spiked club
Missiles
 h - 12 poisoned darts (quivered)
 i - 5 datura-tipped darts
 m - a boomerang
 n - 3 silver boomerangs
 o - a curare-tipped dart
 s - 4 atropa-tipped darts
Armour
 b - a +0 animal skin (worn)
Jewellery
 v - a ring of willpower (left claw)
 y - a +6 ring of intelligence
Wands
 w - a wand of charming (6)
 x - a wand of iceblast (15)
 z - a wand of digging (8)
Scrolls
 f - 3 scrolls of teleportation
 l - 4 scrolls of fear
Potions
 c - 2 potions of brilliance {unknown}
 d - 2 potions of mutation
 g - 2 potions of ambrosia
 j - a potion of berserk rage
 k - 2 potions of heal wounds
 p - 2 potions of haste {unknown}
 q - a potion of curing {unknown}
 r - 2 potions of resistance {unknown}
 t - a potion of lignification {unknown}


   Skills:
 - Level 5.0 Fighting
 + Level 12.2 Maces & Flails
 - Level 5.0 Dodging


You had 9 spell levels left.
You didn't know any spells.
Your spell library was empty.

Dungeon Overview and Level Annotations

Branches:
Dungeon (7/15)             Temple (0/1) D:6             Orc (0/2) D:10

Altars:
Hepliaklqana

Shops:
D:1 ?


Innate Abilities, Weirdness & Mutations

You are too large for most types of armour.
You have claws for hands.
Your natural rate of healing is unusually fast.
You are covered in fur. (AC +1)
You have tough skin. (AC +1)


Message History

* * * LOW HITPOINT WARNING * * *
The killer bee stings you.
* * * LOW HITPOINT WARNING * * *
You closely miss the killer bee.
You feel sick. The killer bee closely misses you. The killer bee stings you.
* * * LOW HITPOINT WARNING * * *
The killer bee closely misses you. x2
Unknown command.
You closely miss the killer bee.
You feel sick. The killer bee stings you.
* * * LOW HITPOINT WARNING * * *
The killer bee closely misses you. The killer bee barely misses you.
You miss the killer bee.
You feel sick.
The killer bee stings you but does no damage. x2
The killer bee barely misses you. x2; The killer bee stings you.
* * * LOW HITPOINT WARNING * * *
You barely miss the killer bee.
You feel sick. The killer bee closely misses you.
The killer bee stings you but does no damage. x2
You miss the killer bee.
You feel sick. The killer bee stings you.
* * * LOW HITPOINT WARNING * * *
The killer bee barely misses you. x2
Unknown command.
You hit the killer bee. You claw the killer bee!
The killer bee is almost dead.
You feel sick. The killer bee stings you.
* * * LOW HITPOINT WARNING * * *
The killer bee stings you but does no damage.
The killer bee completely misses you. The killer bee misses you.
You miss the killer bee.
The killer bee is almost dead.
You feel sick. The killer bee stings you.
* * * LOW HITPOINT WARNING * * *
The killer bee stings you but does no damage. x2
The killer bee barely misses you. x2
You closely miss the killer bee.
The killer bee is almost dead.
You feel sick. The killer bee stings you!
* * * LOW HITPOINT WARNING * * *
The killer bee stings you.
You die...

#######################
.......y@.............#
.......yy....(........#
..###############.....#
#.....### #.......#
#.......# #........
#........ #........


You could see 3 killer bees.

Vanquished Creatures
  A kobold demonologist (D:6)
  A wyvern (D:7)
  A warg (D:10)
  A water moccasin (D:7)
  Duvessa (D:7)
  4 orc warriors
  5 ice beasts
  2 sky beasts
  A necrophage (D:5)
  2 black bears
  6 ogres
  A centaur (D:6)
  A kobold brigand (D:6)
  A phantom (D:6)
  A water moccasin zombie (D:5)
  A scorpion (D:5)
  A water moccasin skeleton (D:5)
  Dowan (D:7)
  3 killer bees (D:10)
  A wight (D:6)
  A bullfrog zombie (D:5)
  2 centaur zombies
  2 centaur skeletons (D:5)
  A jelly (D:5)
  3 orc priests
  A bullfrog skeleton (D:6)
  2 hounds
  2 gnoll shamans
  3 iguanas
  12 orc wizards
  A hound skeleton (D:5)
  Robin (D:2)
  A howler monkey skeleton (D:5)
  8 gnolls
  5 river rats (D:6)
  7 adders
  A white imp (D:5)
  An ufetubus (D:4)
  An adder skeleton (D:5)
  3 worms
  A dart slug (D:1)
  30 orcs
  6 endoplasms
  4 giant cockroaches
  18 goblins
  15 hobgoblins
  4 quokkas
  6 ball pythons
  6 bats
  2 frilled lizards
  9 kobolds
  20 rats
215 creatures vanquished.

Vanquished Creatures (others)
  2 orcs (D:4)
2 creatures vanquished.

Grand Total: 217 creatures vanquished

Notes
Turn   | Place    | Note
-------+----------+-------------------------------------------
     0 | D:1      | MisterFreud the Troll Berserker began the quest for the
                  | Orb.
     0 | D:1      | Reached XP level 1. HP: 22/22 MP: 0/0
    91 | D:1      | Reached skill level 3 in Maces & Flails
   105 | D:1      | Reached XP level 2. HP: 27/29 MP: 1/1
   271 | D:1      | Found Migeky's Magic Scroll Shoppe.
   284 | D:1      | Bought a scroll of identify for 24 gold pieces
   860 | D:2      | Reached skill level 4 in Maces & Flails
   860 | D:2      | Reached XP level 3. HP: 36/36 MP: 2/2
  1008 | D:2      | Reached ** piety under Trog
  1038 | D:2      | Noticed Robin
  1044 | D:2      | Killed Robin
  1045 | D:2      | Reached XP level 4. HP: 24/44 MP: 3/3
  1687 | D:3      | Reached skill level 5 in Maces & Flails
  2099 | D:3      | Found a faded altar of an unknown god.
  2287 | D:3      | Reached XP level 5. HP: 50/50 MP: 4/4
  2863 | D:4      | Noticed an ogre
  2868 | D:4      | Killed an ogre
  2869 | D:4      | Reached skill level 6 in Maces & Flails
  2869 | D:4      | Reached XP level 6. HP: 59/59 MP: 5/5
  3220 | D:5      | Entered Level 5 of the Dungeon
  3279 | D:5      | Noticed an ice beast
  3294 | D:5      | Killed an ice beast
  3295 | D:5      | Reached skill level 7 in Maces & Flails
  3453 | D:5      | Reached XP level 7. HP: 66/66 MP: 6/6
  3624 | D:5      | Reached *** piety under Trog
  3625 | D:5      | Reached skill level 8 in Maces & Flails
  3688 | D:5      | Reached XP level 8. HP: 74/74 MP: 7/7
  3788 | D:5      | Reached skill level 9 in Maces & Flails
  4063 | D:5      | Reached skill level 10 in Maces & Flails
  4646 | D:6      | Found a staircase to the Ecumenical Temple.
  4746 | D:6      | Noticed a kobold demonologist
  4759 | D:6      | Killed a kobold demonologist
  4760 | D:6      | Reached XP level 9. HP: 84/84 MP: 8/8
  5154 | D:6      | Identified the +1 glaive of Quick Death {flame, rCorr}
  5206 | D:6      | Reached **** piety under Trog
  5855 | D:7      | Noticed Duvessa
  5862 | D:7      | Killed Duvessa
  5863 | D:7      | Noticed Dowan
  5901 | D:7      | Killed Dowan
  5929 | D:7      | Found a hazy altar of Hepliaklqana.
  5992 | D:7      | Reached skill level 11 in Maces & Flails
  6168 | D:7      | Reached skill level 5 in Fighting
  6168 | D:7      | Reached skill level 5 in Dodging
  6475 | D:7      | Noticed a troll
  6475 | D:7      | You fall into a shaft and drop 3 floors!
  6475 | D:10     | Entered Level 10 of the Dungeon
  6550 | D:10     | Reached XP level 10. HP: 70/96 MP: 9/9
  6601 | D:10     | Found a staircase to the Orcish Mines.
  6923 | D:10     | Reached skill level 12 in Maces & Flails
  7008 | D:10     | HP: 1/144 [killer bee (7)]
  7008 | D:10     | Slain by a killer bee

Illustrated notes

Levels and vault maps discovered:
D:1:      dpeg_arrival_houses_and_road, layout_basic, serial_shops, shop,
          chequers_serial_rivers_marsh, grunt_decor_arrowhead
D:2:      minmay_general_purpose_star, layout_loops_ring, uniq_robin
D:3:      layout_loops_corners, hellmonk_ecumenical_altar_inner_sanctum
D:4:      layout_loops_ring, minmay_misc_feat_nine_boxes
D:5:      minmay_razor_zed, layout_basic
D:6:      lemuel_ratsnest, layout_layer_cave, minmay_temple_entry_trees
D:7:      lemuel_ice_spiral_2, layout_basic, mainiacjoe_overflow_chevrons,
          uniq_duvessa
D:10:     layout_irregular_city, erik_orc_3

Skill      XL: |  1  2  3  4  5  6  7  8  9 10 |
---------------+-------------------------------+-----
Maces & Flails | 3 4 5 6 7 8 10 11 12 | 12.2
Fighting       | 3 5 |  5.0
Dodging        | 3 5 |  5.0

Action                   |  1- 3 |  4- 6 |  7- 9 | 10-12 || total
-------------------------+-------+-------+-------+-------++-------
Melee: Mace              |   114 |       |       |       ||   114
       Morningstar       |    13 |   145 |   462 |    19 ||   639
       Punch             |       |       |     7 |     1 ||     8
       Giant spiked club |       |       |       |    42 ||    42
Invok: Berserk           |       |     2 |    11 |     1 ||    14
       Trog's Hand       |       |     1 |     3 |     1 ||     5
  Use: Scroll            |     1 |     1 |     9 |       ||    11
       Potion            |       |       |     1 |       ||     1
 Stab: Sleeping          |     1 |       |       |       ||     1
Armor: Animal skin       |    46 |    63 |    95 |    17 ||   221
Dodge: Dodged            |    82 |    95 |   203 |    48 ||   428
